 Dungeon Crawl Stone Soup version 0.25.1-2-g60ff931df9 (webtiles) character file.

Game seed: 11668219795067213318

1290 Revguard the Sneak (level 8, -1/30 HPs)
             Began as a Felid Venom Mage on Aug 8, 2020.
             Was an Initiate of Hepliaklqana.
             Slain by Harold
             ... wielding a +2 vorpal scimitar
              (19 damage)
             ... on level 7 of the Dungeon on Aug 9, 2020.
             The game lasted 00:39:01 (8333 turns).

Revguard the Sneak (Felid Venom Mage)               Turns: 8333, Time: 00:39:01

Health: -1/30      AC:  4    Str:  4    XL:     8   Next: 30%
Magic:  14/16      EV: 22    Int: 23    God:    Hepliaklqana [......]
Gold:   431        SH:  0    Dex: 20    Spells: 4/16 levels left
                                        Lives:  0   Deaths: 2

rFire    . . .     SeeInvis +     - Unarmed
rCold    . . .     Gourm    .   (shield unavailable)
rNeg     . . .     Faith    .   (armour unavailable)
rPois    .         Spirit   .   (helmet unavailable)
rElec    .         Reflect  .   (cloak unavailable)
rCorr    .         Harm     .   (gloves unavailable)
MR       +++..                  (boots unavailable)
Stlth    ++++......             (no amulet)
HPRegen  0.10/turn              j - ring of wizardry
MPRegen  0.15/turn              g - +6 ring of intelligence

@: quick
A: very small, no armour, no weapons or thrown items, stealth, reduced essence,
claws 1, fangs 3, iridescent scales 1, see invisible, agile 1, carnivore, speed
1, magic resistance 2, shaggy fur 2, slow metabolism 1, sharp paws
a: Recall Ancestor, Ancestor Identity, Renounce Religion


You were on level 7 of the Dungeon.
You worshipped Hepliaklqana.
Hepliaklqana was noncommittal.
You were completely stuffed.

You visited 2 branches of the dungeon, and saw 8 of its levels.
You also visited: Sewer.

You collected 431 gold pieces.

Inventory:

Jewellery
 g - a +6 ring of intelligence (right paw)
 h - an uncursed ring of positive energy
 j - a ring of wizardry (left paw)
 x - an uncursed ring of fire
Wands
 q - a wand of polymorph (10)
Scrolls
 c - a scroll of random uselessness
 d - a scroll of identify
 e - 2 scrolls of immolation
 i - a scroll of fog
 l - 3 scrolls of teleportation
 o - a scroll of fear
 p - 2 scrolls of remove curse
 u - a scroll of blinking {unknown}
 v - 3 scrolls of noise {unknown}
Potions
 a - a potion of stabbing
 f - 2 potions of ambrosia
 k - 3 potions of curing
 n - 2 potions of cancellation
 r - a potion of might
 t - a potion of haste
Comestibles
 b - 14 rations


   Skills:
 + Level 3.1 Fighting
 + Level 6.3 Dodging
 + Level 6.9 Stealth
 + Level 4.4 Unarmed Combat
 + Level 4.8 Spellcasting
 + Level 0.4 Conjurations
 + Level 4.3 Transmutations
 + Level 4.9 Fire Magic
 - Level 3.1 Air Magic
 + Level 5.0 Poison Magic
 + Level 2.3 Evocations


You had 4 spell levels left.
You knew the following spells:

 Your Spells              Type           Power        Failure   Level  Hunger
a - Mephitic Cloud        Conj/Pois/Air  ###.....     3%          3    ##.....
b - Poisonous Vapours     Pois/Air       ###...       1%          2    None
c - Ignite Poison         Fire/Tmut/Pois ####....     1%          3    ##.....
d - Olgreb's Toxic Radia  Pois           ####....     4%          4    ####...

Your spell library contained the following spells:

 Spells                   Type           Power        Failure   Level  Hunger
 Sting                    Tmut/Pois      ####         1%          1    None
 Animate Skeleton         Necr           N/A          4%          1    None
 Apportation              Tloc           #.....       4%          1    None
 Corona                   Hex            #......      4%          1    None
 Summon Small Mammal      Summ           #...         4%          1    None


Dungeon Overview and Level Annotations

Branches:
Dungeon (7/15)             Temple (1/1) D:5           Sewer (visited)

Altars:
Ashenzari
Cheibriados
Dithmenos
Fedhas
Hepliaklqana
Nemelex Xobeh
Okawaru
Ru
Sif Muna
Trog
Xom
Zin
The Shining One

Annotations:
D:7 Harold


Innate Abilities, Weirdness & Mutations

You cannot wear armour.
You are incapable of wielding weapons or throwing items.
Your paws allow you to move quietly. (Stealth)
You have sharp claws.
You have razor-sharp teeth.
You have supernaturally acute eyesight. (SInv)
You are carnivorous and can eat meat at any time.
You cover ground quickly.
You are covered in thick fur. (AC +2)
You have a slow metabolism.
Your sharp claws are effective at attacking unaware monsters.
Your life essence is reduced to manifest your ancestor. (-10% HP)
You are partially covered in iridescent scales. (AC +2)
You are agile. (Dex +2)
You are highly resistant to hostile enchantments. (MR++)


Message History

You mangle Harold!!
Harold is moderately wounded.
Harold completely misses you.
You scratch Harold but do no damage. You bite Harold, but do no damage.
Harold is moderately wounded.
You scratch Harold.
Harold is moderately wounded.
Harold closely misses you.
Branko is recalled.
Harold hits you with a +2 vorpal scimitar!
You closely miss Harold. Your bite misses Harold.
Harold is moderately wounded.
Harold says, "I was hoping my final job would be more of a challenge, but money is money."
Harold closely misses you.
Branko hits Harold but does no damage.
You scratch Harold but do no damage. You bite Harold, but do no damage.
Harold is moderately wounded.
Branko hits Harold but does no damage.
Harold hits you with a +2 vorpal scimitar!!
Ouch! That really hurt!
You die...

#.##.......########
#..................
#...######.########
#...#...........#
#...#.####.####.#
.....# #.......#.#
.....# #.##.##.#.# #
.....# #.#...#.#.#.#
...... ...._....@@.#
.....#.#.#...#.#R#.#
#.##.##.#.# # #
......#.# ###.####.#
..# ###


You could see the friendly Branko the ancestor and Harold.

Vanquished Creatures
  A phantom (D:4)
  Purgy (Sewer)
  An orc warrior (D:6)
  A sky beast (D:6)
  An ogre (D:4)
  2 centaurs
  2 big kobolds (Sewer)
  A bullfrog (D:5)
  3 crimson imps
  3 orc wizards
  A bullfrog skeleton (D:4)
  5 orc priests
  A centaur skeleton (D:6)
  2 jellies (D:5)
  Terence (D:3)
  3 iguanas (D:4)
  Ijyb (D:3)
  4 worker ants
  A worker ant zombie (D:5)
  4 gnolls (D:6)
  4 adders
  2 oozes (D:2)
  An adder skeleton (D:4)
  5 worms
  A dart slug (D:1)
  2 leopard geckos (D:5)
  18 orcs
  4 giant cockroaches
  5 goblins
  3 hobgoblins
  14 jackals
  9 kobolds
  3 quokkas
  4 bats
  3 frilled lizards
  4 rats
  A plant (D:2)
122 creatures vanquished.

Vanquished Creatures (collateral kills)
  A hound skeleton (D:6)
  A quokka (D:6)
2 creatures vanquished.

Grand Total: 124 creatures vanquished

Notes
Turn   | Place    | Note
-------+----------+-------------------------------------------
     0 | D:1      | Revguard the Felid Venom Mage began the quest for the Orb.
     0 | D:1      | Reached XP level 1. HP: 7/7 MP: 4/4
   222 | D:1      | Reached XP level 2. HP: 3/11 MP: 3/6
  1012 | D:2      | Reached XP level 3. HP: 5/14 MP: 3/7
  1026 | D:2      | Learned a level 2 spell: Poisonous Vapours
  1030 | D:2      | Learned a level 3 spell: Ignite Poison
  1800 | D:2      | Reached skill level 5 in Dodging
  1800 | D:2      | Reached skill level 5 in Stealth
  1800 | D:2      | Reached XP level 4. HP: 7/21 MP: 1/10
  2305 | D:2      | Found a faded altar of an unknown god.
  2471 | D:2      | Learned a level 4 spell: Olgreb's Toxic Radiance
  2628 | D:3      | Noticed Terence
  2636 | D:3      | Killed Terence
  2636 | D:3      | Reached XP level 5. HP: 14/24 MP: 3/12
  2850 | D:3      | Noticed Ijyb
  2860 | D:3      | Killed Ijyb
  3052 | D:3      | Learned a level 3 spell: Mephitic Cloud
  3635 | D:4      | Killed by miscasting Olgreb's Toxic Radiance
  3636 | D:4      | Reached XP level 4. HP: -3/21 MP: 8/11
  3688 | D:4      | Reached XP level 5. HP: 15/24 MP: 5/12
  3917 | D:4      | Noticed a phantom
  3929 | D:4      | Killed a phantom
  3929 | D:4      | Gained mutation: You are covered in thick fur. (AC +2)
                  | [Felid growth]
  3929 | D:4      | Reached XP level 6. HP: 24/28 MP: 3/13
  4691 | D:4      | Found a blossoming altar of Fedhas.
  4696 | D:4      | Reached XP level 7. HP: 31/31 MP: 6/14
  4943 | D:5      | Entered Level 5 of the Dungeon
  5062 | D:5      | Reached skill level 1 in Evocations
  5402 | D:5      | Splashed by a jelly's acid
  5403 | D:5      | Reached XP level 6. HP: -3/28 MP: 12/13
  5738 | D:5      | Found a glowing drain.
  5742 | Sewer    | Entered a sewer
  5831 | Sewer    | Noticed Purgy
  5835 | Sewer    | Killed Purgy
  5835 | Sewer    | Reached XP level 7. HP: 25/31 MP: 0/14
  6548 | D:5      | Found a shimmering altar of Xom.
  6580 | D:5      | Found a staircase to the Ecumenical Temple.
  6589 | Temple   | Entered the Ecumenical Temple
  6741 | Temple   | Became a worshipper of Hepliaklqana the Forgotten
  7223 | D:6      | Reached skill level 5 in Poison Magic
  7223 | D:6      | Reached XP level 8. HP: 30/30 MP: 6/16
  7749 | D:6      | Gained mutation: You are resistant to hostile enchantments.
                  | (MR+) [potion of mutation]
  7749 | D:6      | Gained mutation: You are partially covered in iridescent
                  | scales. (AC +2) [potion of mutation]
  7749 | D:6      | Gained mutation: You are highly resistant to hostile
                  | enchantments. (MR++) [potion of mutation]
  7749 | D:6      | Gained mutation: You are agile. (Dex +2) [potion of
                  | mutation]
  8317 | D:7      | Found a sacrificial altar of Ru.
  8324 | D:7      | Noticed Harold
  8333 | D:7      | Slain by Harold

Illustrated notes

Levels and vault maps discovered:
D:1:      mrwooster_arrival_statue_3, layout_basic, grunt_decor_mini_mirrors
D:2:      layout_basic, chequers_ecumenical_altar_lobes
D:3:      layout_basic, uniq_ijyb, uniq_terence
D:4:      layout_rooms, fedhas_bush_and_centaur_altar, first_ration
D:5:      layout_rooms, kennysheep_little_box, lemuel_temple_firewalk_a,
          serial_rivers, chequers_serial_rivers_micro_a,
          chequers_serial_rivers_small_b, chequers_serial_rivers_micro_a,
          chequers_serial_rivers_small_a, chequers_serial_rivers_micro_a,
          gup_sewer_entry_bowl, minmay_small_thing
D:6:      layout_basic
D:7:      layout_basic, nicolae_ru_sacrificial_ziggurat, the_bakery,
          kennysheep_cross_room, uniq_harold, uniq_duvessa, uniq_pikel
Temple:   dpeg_chambers_temple

Skill      XL: |  1  2  3  4  5  6  7  8 |
---------------+-------------------------+-----
Poison Magic   | 3 4 5 |  5.0
Stealth        | 3 5 6 |  6.9
Dodging        | 5 6 |  6.3
Fighting       | 3 |  3.1
Unarmed Combat | 3 4 |  4.4
Spellcasting   | 3 4 |  4.8
Transmutations | 3 4 |  4.3
Fire Magic     | 4 |  4.9
Air Magic      | 2 3 |  3.1
Evocations     | 2 1 |  2.3
Conjurations   | |  0.4

Action                   |  1- 3 |  4- 6 |  7- 9 || total
-------------------------+-------+-------+-------++-------
Melee: Unarmed           |    87 |   215 |   173 ||   475
       Bite              |     9 |    21 |    16 ||    46
       Punch             |       |     2 |     2 ||     4
 Cast: Sting             |    16 |     3 |       ||    19
       Poisonous Vapours |     6 |    24 |    13 ||    43
       Ignite Poison     |       |    12 |    16 ||    28
       Mephitic Cloud    |       |    12 |    13 ||    25
       Olgreb's Toxic Ra |       |     3 |     1 ||     4
Invok: Recall Ancestor   |       |       |     3 ||     3
  Use: Scroll            |     5 |     8 |     6 ||    19
       Potion            |     3 |     3 |     2 ||     8
 Stab: Sleeping          |     2 |     6 |     5 ||    13
       Confused          |       |     1 |     1 ||     2
       Distracted        |       |       |     1 ||     1
  Eat: Chunk             |    10 |    15 |    15 ||    40
Armor: Skin              |     8 |     9 |     9 ||    26
Dodge: Dodged            |   118 |   124 |   168 ||   410
